 Dungeon Crawl Stone Soup version 0.26-a0-466-g989023bd0d (webtiles) character file.

Game seed: 9925735930925070425

1926 DeltaSign the Cleaver (level 8, 0/71 HPs)
             Began as a Minotaur Berserker on July 29, 2020.
             Was a High Priest of Trog.
             Killed from afar by an electric eel (13 damage)
             ... with a bolt of electricity
             ... on level 6 of the Dungeon.
             The game lasted 00:12:36 (5700 turns).

DeltaSign the Cleaver (Minotaur Berserker)          Turns: 5700, Time: 00:12:37

Health: 0/71       AC: 14    Str: 29    XL:     8   Next: 96%
Magic:  7/7        EV: 14    Int:  4    God:    Trog [*****.]
Gold:   453        SH:  0    Dex: 11    Spells: 7/7 levels left

rFire    . . .     SeeInvis .   u - +0 war axe
rCold    . . .     Faith    +   o - +0 buckler
rNeg     . . .     Spirit   .   z - +0 plate armour
rPois    .         Reflect  .   (helmet restricted)
rElec    .         Harm     .   (no cloak)
rCorr    .                      y - +0 pair of gloves
MR       .....                  (no boots)
Stlth    ..........             k - amulet of faith
HPRegen  0.21/turn              w - +6 ring of strength
MPRegen  0.10/turn              l - +4 ring of evasion

@: confused, very slow
A: retaliatory headbutt, horns 2
a: Berserk, Trog's Hand, Brothers in Arms, Renounce Religion


You were on level 6 of the Dungeon.
You worshipped Trog.
Trog was extremely pleased with you.
You visited 1 branch of the dungeon, and saw 6 of its levels.

You collected 453 gold pieces.

Inventory:

Hand Weapons
 u - a +0 war axe (weapon)
Armour
 o - a +0 buckler (worn)
 y - a +0 pair of gloves (worn)
 z - a +0 plate armour (worn)
Jewellery
 a - an uncursed ring of see invisible
 k - an amulet of faith (around neck)
 l - a +4 ring of evasion (right hand)
 w - a +6 ring of strength (left hand)
Scrolls
 d - 7 scrolls of remove curse
 e - 3 scrolls of teleportation {unknown}
 h - 4 scrolls of magic mapping
 i - a scroll of noise {unknown}
 j - 2 scrolls of random uselessness {unknown}
 m - 3 scrolls of enchant armour {unknown}
 q - a scroll of fear {unknown}
 r - 2 scrolls of blinking {unknown}
 x - a scroll of amnesia {unknown}
Potions
 b - 3 potions of flight
 c - 2 potions of curing
 f - a potion of haste {unknown}
 g - 2 potions of cancellation
 n - 2 potions of lignification
 p - a potion of berserk rage {unknown}
 s - a potion of ambrosia
 t - a potion of might {unknown}


   Skills:
 + Level 6.9 Fighting
 * Level 9.0 Axes
 + Level 6.4 Armour
 + Level 5.6 Dodging
 + Level 4.5 Shields


You had 7 spell levels left.
You didn't know any spells.
Your spell library was empty.

Dungeon Overview and Level Annotations

Branches:
Dungeon (6/15)             Temple (0/1) D:6

Altars:
Elyvilon
Gozag
Makhleb
Nemelex Xobeh
Qazlal
Sif Muna
Vehumet
Yredelemnul
Zin
The Shining One

Shops:
D:5 *


Innate Abilities, Weirdness & Mutations

You reflexively headbutt those who attack you in melee.
You have a pair of horns on your head.


Message History

The electric eel shoots out a bolt of lightning at you!
The bolt of electricity hits you!
* * * LOW HITPOINT WARNING * * *
The electric eel shoots out a bolt of lightning at you!
The bolt of electricity hits you.
* * * LOW HITPOINT WARNING * * *
Okay, then.
You are confused.
You feel invigorated.
The electric eel shoots out a bolt of lightning at you!
The bolt of electricity hits you!
* * * LOW HITPOINT WARNING * * *
The electric eel shoots out a bolt of lightning at you!
The bolt of electricity hits you!
* * * LOW HITPOINT WARNING * * *
You enter the shallow water.
Moving in this stuff is going to be slow.
The electric eel shoots out a bolt of lightning at you!
The bolt of electricity hits you!
You die...

..........########......#
#######........).)...##'##
(....()(....)..(()...#...#≈≈≈≈≈≈≈
......#.........))...#.).#≈≈≈≈≈≈≈
######################...#≈≈;≈≈≈≈
≈≈≈≈≈≈≈≈≈≈≈≈≈≈≈≈≈≈≈≈≈#####≈≈≈≈≈≈≈
≈≈≈≈≈≈≈≈≈≈≈≈≈≈≈≈≈≈≈≈≈≈≈≈≈≈≈≈≈≈≈≈≈
≈≈≈≈≈≈≈≈≈≈≈≈≈≈≈≈≈≈≈≈≈≈≈;≈≈≈≈≈≈≈≈≈
≈≈≈≈≈≈≈≈≈≈≈≈≈≈≈≈@≈≈≈≈≈≈;≈≈≈≈≈≈≈≈≈
.................................
.................................
................................#
.....<....#.......###############
..#...............#
..##.############## ........#####
..#.........###


You could see 2 electric eels.

Vanquished Creatures
  3 ice beasts
  A sky beast (D:6)
  A necrophage (D:6)
  An ogre (D:5)
  A centaur (D:6)
  4 big kobolds (D:6)
  A bullfrog (D:6)
  A water moccasin skeleton (D:4)
  A scorpion (D:5)
  An electric eel (D:6)
  3 howler monkeys
  A centaur zombie (D:5)
  2 hounds
  2 orc priests
  2 orc wizards
  3 iguanas (D:4)
  2 worker ants (D:4)
  2 worker ant zombies (D:5)
  9 adders
  9 gnolls
  4 worms
  3 dart slugs
  5 leopard geckos
  21 orcs
  3 giant cockroaches
  3 goblins
  11 hobgoblins
  11 jackals
  55 kobolds
  2 quokkas
  2 ball pythons (D:1)
  9 bats
  8 frilled lizards
  2 leopard gecko skeletons
  6 rats
195 creatures vanquished.

Notes
Turn   | Place    | Note
-------+----------+-------------------------------------------
     0 | D:1      | DeltaSign the Minotaur Berserker began the quest for the
                  | Orb.
     0 | D:1      | Reached XP level 1. HP: 19/19 MP: 0/0
   274 | D:1      | Reached XP level 2. HP: 27/27 MP: 1/1
   403 | D:1      | Reached skill level 4 in Axes
   648 | D:1      | Reached ** piety under Trog
   890 | D:2      | Reached XP level 3. HP: 31/33 MP: 2/2
   984 | D:2      | Found a white marble altar of Elyvilon.
  1259 | D:2      | Reached XP level 4. HP: 40/40 MP: 3/3
  1452 | D:2      | Found a radiant altar of Vehumet.
  1453 | D:2      | Found a glowing golden altar of the Shining One.
  1453 | D:2      | Found a stormy altar of Qazlal.
  1456 | D:2      | Found a basalt altar of Yredelemnul.
  1456 | D:2      | Found a white marble altar of Elyvilon.
  1468 | D:2      | Found a shimmering blue altar of Sif Muna.
  1468 | D:2      | Found a glowing silver altar of Zin.
  1775 | D:3      | Noticed an ice beast
  1791 | D:3      | Killed an ice beast
  1791 | D:3      | Reached skill level 5 in Axes
  1791 | D:3      | Reached XP level 5. HP: 5/47 MP: 4/4
  2180 | D:3      | Reached *** piety under Trog
  2408 | D:3      | Found an opulent altar of Gozag.
  2410 | D:3      | Found a sparkling altar of Nemelex Xobeh.
  2939 | D:4      | Reached XP level 6. HP: 32/55 MP: 5/5
  3132 | D:4      | Reached skill level 5 in Fighting
  3132 | D:4      | Reached skill level 6 in Axes
  3200 | D:4      | Reached skill level 1 in Shields
  3272 | D:4      | Found a burning altar of Makhleb.
  3380 | D:4      | Reached **** piety under Trog
  3578 | D:4      | Reached XP level 7. HP: 61/61 MP: 6/6
  4021 | D:5      | Entered Level 5 of the Dungeon
  4140 | D:5      | Found a stormy altar of Qazlal.
  4149 | D:5      | Reached skill level 7 in Axes
  4149 | D:5      | Reached skill level 5 in Armour
  4321 | D:5      | Found Woyhuren's Elemental Accessories.
  4330 | D:5      | Reached XP level 8. HP: 65/70 MP: 7/7
  4650 | D:6      | Found a staircase to the Ecumenical Temple.
  4727 | D:6      | Reached skill level 5 in Dodging
  4833 | D:6      | Reached skill level 8 in Axes
  5270 | D:6      | Reached ***** piety under Trog
  5516 | D:6      | Received a gift from Trog
  5552 | D:6      | Reached skill level 9 in Axes
  5697 | D:6      | HP: 2/71 [electric eel/bolt of electricity (8)]
  5700 | D:6      | Killed from afar by an electric eel

Illustrated notes

Levels and vault maps discovered:
D:1:      nzn_arrival_settlement, layout_basic
D:2:      layout_basic, grunt_temple_overflow_open, elyvilon_altar_5
D:3:      layout_loops_cross, grunt_temple_overflow_opulence,
          ebering_dispersal_statue_hall
D:4:      minmay_razor_zed, layout_basic, kennysheep_little_box
D:5:      layout_loops_ring, basic_altar, nicolae_elemental_shop
D:6:      minmay_goblin_kobold_castle, layout_rooms,
          minmay_temple_entry_mini_moons, serial_curves, eino_curves_01,
          eino_curves_04, due_unseen_surprise

Skill      XL: |  1  2  3  4  5  6  7  8 |
---------------+-------------------------+-----
Axes           | 4 5 6 7 9 |  9.0
Fighting       | 4 5 6 |  6.9
Armour         | 3 4 5 6 |  6.4
Dodging        | 3 4 5 |  5.6
Shields        | 1 3 4 |  4.5

Action                   |  1- 3 |  4- 6 |  7- 9 || total
-------------------------+-------+-------+-------++-------
Melee: Hand axe          |    67 |    30 |       ||    97
       Headbutt          |    12 |    24 |    30 ||    66
       War axe           |       |    83 |   180 ||   263
Invok: Berserk           |     1 |     1 |     2 ||     4
  Use: Scroll            |       |     7 |     3 ||    10
       Potion            |       |       |     1 ||     1
Armor: Animal skin       |    16 |       |       ||    16
       Ring mail         |       |    21 |       ||    21
       Chain mail        |       |    24 |    30 ||    54
       Plate armour      |       |       |    36 ||    36
Dodge: Dodged            |    62 |    75 |   123 ||   260
Block: Buckler           |       |     3 |    36 ||    39

Table legend: (Time is in decaauts)
 A = Elapsed time spent in this place.
 B = Non-inter-level travel time spent in this place.
 C = Inter-level travel time spent in this place.
 D = Time resting spent in this place.
 E = Time spent auto-exploring this place.
 F = Levels seen in this place.
 G = Mean time per level.
                   A        B        C        D        E       F      G
               +--------+--------+--------+--------+--------+-----+--------+
         Total |   5770 |   5644 |    126 |    938 |   3720 |   6 |  961.7 |
       Dungeon |   5770 |   5644 |    126 |    938 |   3720 |   6 |  961.7 |
               +--------+--------+--------+--------+--------+-----+--------+

Top non-repeatable levels by time:
     D:3: 1257 daAuts
     D:6: 1101 daAuts
     D:4: 1057 daAuts
     D:1: 890 daAuts
     D:2: 862 daAuts
     D:5: 600 daAuts
